 Dungeon Crawl Stone Soup version 0.31.0-11-ge490571c62 (webtiles) character file.

Game seed: 6433504401489995765

284979 Turgor the Metamorph (level 18, -5/250 HPs)
             Began as a Demonspawn Gladiator on Jan 26, 2024.
             Was the Champion of Jiyva.
             Slain by a +4 glaive of venom (25 damage)
             ... animated by Zenata
             ... on level 1 of the Vaults on Jan 28, 2024.
             The game lasted 03:54:07 (25340 turns).

Turgor the Metamorph (Demonspawn Gladiator)        Turns: 25340, Time: 03:54:08

Health: -5/250     AC: 33    Str: 20    XL:     18   Next: 83%
Magic:  18/18      EV: 19    Int: 15    God:    Jiyva [******]
Gold:   171        SH: 11    Dex: 21    Spells: 16/17 levels left

rFire   + .          .
                       - Unarmed
rCold   + + .        G - +0 kite shield {reflect}
rNeg    + + .        L - melded +1 troll leather armour
rPois   ∞            (helmet unavailable)
rElec   +            V - scarf {rC+ rF+}
rCorr   +            (gloves currently unavailable)
SInv    +            E - melded +2 pair of boots of Darkness {rN+}
Will    ++...        l - amulet of regeneration
Stlth   +++++++      j - ring of the Twisting Augurer {rElec rC+ Str+4 SInv}
HPRegen 3.01/turn    S - ring "Ikhlocou" {rN+ AC+4}
MPRegen 0.96/turn

%: reflection
@: statue-form, very slow
A: slow and powerful, torment resistance 1, boosted hp, antennae 3, yellow
scales 3, demonic guardian 2, powered by death 1, bedeviling, thin skeletal
structure 3, camouflage 2, strong-willed 1, robust 3, wild magic 3, eyeballs 2,
pseudopods 3, engulf
}: 3/15 runes: barnacled, slimy, gossamer
a: Begin Untransformation, Renounce Religion, Oozemancy, Slimify


You were on level 1 of the Vaults.
You worshipped Jiyva.
Jiyva was exalted by your worship.
You were a living statue of rough stone.
You visited 8 branches of the dungeon, and saw 38 of its levels.
You also visited: Bailey, Gauntlet, Ice Cave and Desolation.

You collected 3120 gold pieces.
You spent 2949 gold pieces at shops.

Inventory:

Hand Weapons
 X - the +12 demon trident of Loung {flame, Int+5}
   (You acquired it on level 2 of the Vaults)

   Int+5:     It affects your intelligence (+5).
Missiles
 B - 38 boomerangs (quivered)
 I - a curare-tipped dart
 U - 7 silver javelins
Armour
 g - a +2 robe of resistance
 i - the +3 pair of gloves of Zauf {rElec Regen+}
   (You found it on level 5 of the Pits of Slime)

   rElec:     It insulates you from electricity.
   Regen+:    It increases your rate of health regeneration.
 C - a +0 pair of boots of flying
 E - the +2 pair of boots of Darkness (melded) {rN+}
   (You found it in a bailey)

   rN+:       It protects you from negative energy.
 F - +1 fire dragon scales
 G - a +0 kite shield of reflection (worn)
 L - a +1 troll leather armour (melded)
 M - a +2 cloak of willpower
 V - a scarf of resistance (worn)
Jewellery
 j - the ring of the Twisting Augurer (left fist) {rElec rC+ Str+4 SInv}
   (You bought it in a shop on level 2 of the Orcish Mines)

   [ring of protection from cold]

   Str+4:     It affects your strength (+4).
   rC+:       It protects you from cold.
   rElec:     It insulates you from electricity.
   SInv:      It lets you see invisible.
 l - an amulet of regeneration (around neck)
 v - a ring of poison resistance
 S - the ring "Ikhlocou" (right fist) {rN+ AC+4}
   (You found it in a Gauntlet)

   [ring of protection]

   AC+4:      It affects your AC (+4).
   rN+:       It protects you from negative energy.
Talismans
 o - a granite talisman (active)
 p - a blade talisman
 P - the serpent talisman "Isiwipez" {Will- Dex+4 Slay+5}
   (You took it off Aizul on level 3 of the Shoals)

   [serpent talisman]

   Dex+4:     It affects your dexterity (+4).
   Slay+5:    It affects your accuracy & damage with ranged weapons and melee
   (+5).
   Will-:     It decreases your willpower.
Wands
 c - a wand of charming (8)
 d - a wand of digging (5)
 D - a wand of light (9)
 H - a wand of flame (38)
 Z - a wand of iceblast (6)
Scrolls
 a - a scroll of enchant weapon
 k - 2 scrolls of amnesia
 m - 4 scrolls of fear
 n - a scroll of silence
 s - a scroll of butterflies
 t - 3 scrolls of vulnerability
 u - 5 scrolls of immolation
 w - 3 scrolls of revelation
 y - 10 scrolls of fog
 J - a scroll of poison
 N - a scroll of teleportation
Potions
 b - a potion of attraction
 f - 4 potions of enlightenment
 h - a potion of heal wounds
 r - 5 potions of mutation
 x - 4 potions of lignification
 z - 3 potions of might
 A - a potion of cancellation
 K - 9 potions of ambrosia
 O - a potion of resistance
 R - 2 potions of magic
 W - a potion of brilliance
 Y - 2 potions of curing
Miscellaneous
 e - a phantom mirror (inert)
 q - a condenser vane
 T - a lightning rod (inert)


   Skills:
 - Level 15.3 Fighting
 - Level 3.0 Polearms
 - Level 1.7 Throwing
 - Level 5.0 Armour
 - Level 10.8 Dodging
 * Level 5.0 Shields
 - Level 15.1 Unarmed Combat
 - Level 10.0 Evocations
 - Level 18.3 Shapeshifting


You had 16 spell levels left.
You knew the following spells:

 Your Spells              Type           Power      Damage    Failure   Level
a - Apportation           Tloc           0%         N/A       77%         1

Your spell library contained the following spells:

 Spells                   Type           Power      Damage    Failure   Level
 Freeze                   Ice            0%         1d3       77%         1
 Necrotise                Necr           0%         1d4       77%         1
 Sting                    Conj/Alch      0%         1d3       77%         1
 Summon Small Mammal      Summ           0%         N/A       77%         1
 Cigotuvi's Dreadful Rot  Necr/Alch/Air  0%         N/A       87%         2
 Mercury Vapours          Alch/Air       0%         N/A       87%         2
 Momentum Strike          Conj/Tloc      0%         3d8       87%         2
 Static Discharge         Conj/Air       0%         3-3/arc   87%         2
 Call Canine Familiar     Summ           0%         N/A       97%         3
 Dazzling Flash           Conj/Hex       0%         N/A       97%         3
 Frozen Ramparts          Ice            0%         1d1       97%         3
 Hailstorm                Conj/Ice       0%         3d5       97%         3
 Inner Flame              Hex/Fire       0%         N/A       97%         3
 Mephitic Cloud           Conj/Alch/Air  0%         N/A       97%         3
 Ozocubu's Armour         Ice            0%         N/A       97%         3
 Sigil of Binding         Hex            0%         N/A       97%         3
 Summon Ice Beast         Ice/Summ       0%         N/A       97%         3
 Vampiric Draining        Necr           0%         2d6       97%         3
 Volatile Blastmotes      Fire/Tloc      0%         2d10      97%         3
 Anguish                  Hex/Necr       0%         N/A       100%        4
 Brom's Barrelling Bould  Conj/Erth      0%         2d3       100%        4
 Cause Fear               Hex            0%         N/A       100%        4
 Dimensional Bullseye     Hex/Tloc       0%         N/A       100%        4
 Flame Wave               Conj/Fire      0%         2d4       100%        4
 Ignite Poison            Fire/Alch      0%         N/A       100%        4
 Iskenderun's Mystic Bla  Conj/Tloc      0%         2d3       100%        4
 Leda's Liquefaction      Alch/Erth      0%         N/A       100%        4
 Martyr's Knell           Necr/Summ      0%         N/A       100%        4
 Petrify                  Alch/Erth      0%         N/A       100%        4
 Sticky Flame             Fire/Alch      0%         2d4       100%        4
 Summon Blazeheart Golem  Fire/Summ      0%         N/A       100%        4
 Vhi's Electric Charge    Tloc/Air       0%         N/A       100%        4
 Fireball                 Conj/Fire      0%         3d3       100%        5
 Metabolic Englaciation   Hex/Ice        0%         N/A       100%        5
 Silence                  Hex/Air        0%         N/A       100%        5
 Summon Forest            Summ/Tloc      0%         N/A       100%        5
 Summon Mana Viper        Hex/Summ       0%         N/A       100%        5
 Conjure Ball Lightning   Conj/Air       0%         3x3d6     100%        6
 Sculpt Simulacrum        Ice/Alch       0%         N/A       100%        6
 Starburst                Conj/Fire      0%         6d3       100%        6
 Summon Cactus Giant      Summ           0%         N/A       100%        6
 Enfeeble                 Hex            0%         N/A       100%        7
 Orb of Destruction       Conj           0%         9d5       100%        7
 Spellforged Servitor     Conj/Summ      0%         N/A       100%        7
 Ignition                 Fire           0%         3d3       100%        8
 Lehudib's Crystal Spear  Conj/Erth      0%         10d2      100%        8
 Maxwell's Capacitive Co  Air            0%         ∞         100%        8
 Chain Lightning          Conj/Air       0%         N/A       100%        9
 Dragon's Call            Summ           0%         N/A       100%        9
 Shatter                  Erth           0%         3d5*      100%        9


Dungeon Overview and Level Annotations

Branches:
Dungeon (15/15)            Temple (0/1) D:7            Lair (5/5) D:8
 Shoals (4/4) Lair:3       Spider (4/4) Lair:2        Slime (5/5) Lair:4
    Orc (2/2) D:12            Elf (1/3) Orc:2        Vaults (2/5) D:13
 Depths (0/4) D:15         Bailey (visited)           IceCv (visited)
Desolation (visited)      Gauntlet (visited)
  Crypt: Vaults:2-3

Altars:
Ashenzari
Cheibriados
Dithmenos
Gozag
Kikubaaqudgha
Makhleb
Ru
Xom
Jiyva
Lugonu

Shops:
D:13 ?**   D:14 ?   D:15 (   Orc:2 *=*:   Shoals:3 **[[:   Vaults:2 (

Portals:
Abyss: Lair:5
Trove: D:14 (give 16 scrolls of teleportation)

Annotations:
Slime:5 Royal Jelly
Vaults:1 Zenata


Innate Abilities, Weirdness & Mutations

You are a living statue of rough stone.
Your actions are slow, but your melee attacks are powerful.
You are resistant to unholy torment.
Your maximum health is greatly increased.
Your equipment is partially melded.
You are immune to poison.
You have a pair of large antennae on your head. (SInv)
(You are completely covered in yellow scales. (AC +4, rCorr))
A demonic guardian rushes to your aid.
You regenerate a little health from kills.
Your hexes are more powerful.
You have an unnaturally thin skeletal structure. (Dex +6, Stealth+++)
Your skin blends seamlessly with your surroundings (Stealth++).
You are strong-willed. (Will+)
You are extremely robust. (+30% HP)
Your spells are much harder to cast, but much more powerful.
Your body has grown many eyes which may confuse attackers. (Acc +5)
Armour fits poorly on your massive pseudopods.
Your melee attacks may engulf your foes in ooze.


Message History

The +2 flail of draining completely misses you.
The +3 scimitar of draining hits you!
* * * LOW HITPOINT WARNING * * *
The +0 short sword of protection completely misses you.
The +4 glaive of venom barely misses you.
The +3 hand axe of electrocution hits you but does no damage.
You block Zenata's attack.
The +1 glaive of venom hits you from afar!
* * * LOW HITPOINT WARNING * * *
The +2 flail of draining hits you!
* * * LOW HITPOINT WARNING * * *
A demonic guardian appears!
The +3 scimitar of draining closely misses you.
The +0 short sword of protection hits you but does no damage.
The +4 glaive of venom completely misses you.
The +3 hand axe of electrocution hits you!
* * * LOW HITPOINT WARNING * * *
Zenata barely misses you.
Unknown command.
Unknown command.
You hit Zenata but do no damage.
Zenata is severely wounded.
Zenata is asphyxiated!
The +0 short sword of protection hits you but does no damage.
You block the +2 flail of draining's attack.
You block the +3 scimitar of draining's attack.
You block the +0 short sword of protection's attack.
The +3 hand axe of electrocution hits you but does no damage.
The +1 glaive of venom barely misses you.
The +2 flail of draining hits you but does no damage.
The +4 glaive of venom barely misses you.
The +3 scimitar of draining hits you!
* * * LOW HITPOINT WARNING * * *
The +0 short sword of protection hits you.
* * * LOW HITPOINT WARNING * * *
The +3 hand axe of electrocution closely misses you.
Your sixfirhy closely misses the +0 short sword of protection.
The +1 glaive of venom completely misses you.
The +2 flail of draining misses you. The +4 glaive of venom hits you!!
You die...

##'## ##...## .....#
#...#
##########'#############
.................../....
.....(...3..............
......(((...............
......a8(...............
........(÷.............)
###################.....
#..... #..... #.....
#..... ########.....
#......'....÷


You could see Zenata (asphyxiating), 6 dancing weapons and a friendly sixfirhy
(summoned).

Vanquished Creatures
  Arachne (Spider:2)
  Jorgrun (D:14)
  Rupert (D:13)
  2 sphinxes (Vaults:1)
  Frances (D:13)
  A storm dragon (D:14)
  Aizul (Shoals:3)
  Ilsuiw (Shoals:4)
  Donald (Vaults:1)
  Roxanne (Spider:1)
  2 fire giants (D:14)
  2 emperor scorpions
  4 imperial myrmidons (Desolation)
  2 ghost moths (Spider:4)
  7 ironbound preservers
  3 broodmothers
  The ghost of Nebesus the Fighter, a journeyman MiBe of Trog (Lair:3)
  3 ironbound thunderhulks
  4 dire elephants (Vaults:1)
  A fire dragon (D:15)
  An ettin (D:15)
  A green death (Gauntlet)
  2 merfolk impalers
  2 crystal guardians (Desolation)
  5 merfolk javelineers (Shoals:4)
  3 yaktaur captains
  2 ragged hierophants (Desolation)
  8 entropy weavers
  11 vault guards
  Fannar (D:11)
  2 ironbound frosthearts (Vaults:1)
  3 servants of whispers (Desolation)
  A jorogumo (Spider:2)
  6 peacekeepers (Desolation)
  Erolcha (D:11)
  5 hydras
  2 radroaches
  6 boulder beetles
  A merfolk avatar (Shoals:4)
  Erica (Lair:1)
  3 satyrs (Shoals:4)
  5 centaur warriors
  2 death yaks (Lair:4)
  4 merfolk aquamancers
  3 tengu warriors
  An alligator snapping turtle (Shoals:1)
  5 orc high priests (Orc:2)
  3 thrashing horrors (Lair:5)
  An occultist (D:15)
  10 demonic crawlers
  A deep elf knight (D:13)
  6 skysharks
  A spectral death yak (Lair:3)
  Lodul (D:11)
  7 pharaoh ants
  9 orb spiders
  7 sea snakes
  A death drake (Gauntlet)
  An arcanist (Vaults:1)
  11 ironbound convokers
  A phantasmal warrior (Vaults:1)
  12 deep trolls (Vaults:1)
  Pikel (D:7)
  17 harpies
  A deep elf archer (D:13)
  5 sun moths
  14 wolf spiders
  5 deep elf zephyrmancers
  A lindwurm (Vaults:1)
  4 orc sorcerers
  An orc knight (D:13)
  6 steelbarb worms
  6 deep elf pyromancers
  2 necromancers (D:15)
  A large abomination (Lair:5)
  15 ugly things
  Maurice (D:11)
  11 cyclopes
  10 manticores
  4 merfolk sirens
  5 meliai
  2 kobold blastminers (Orc:1)
  9 elephants
  2 spectral centaurs (Gauntlet)
  4 fauns (Shoals:1)
  6 torpor snails
  A molten gargoyle (Desolation)
  2 smoke demons (Lair:5)
  An orange demon (Gauntlet)
  4 water nymphs
  5 black mambas
  Joseph (D:7)
  3 gargoyles
  2 vault sentinels
  8 cane toads
  Jeremiah (D:7)
  Psyche (D:8)
  3 kobold demonologists
  4 komodo dragons
  A yaktaur (Vaults:1)
  A tengu conjurer (D:15)
  4 rime drakes
  19 merfolk
  2 wind drakes
  5 polar bears
  Grinder (D:4)
  A queen bee (D:9)
  8 trolls
  4 hornets (Spider:3)
  22 blink frogs
  2 raiju (Lair:5)
  13 tarantellas
  A tarantella (shapeshifter) (Lair:5)
  38 saltlings (Desolation)
  2 dream sheep (Shoals:1)
  A spectral black mamba (Lair:3)
  A spectral dream sheep (Lair:3)
  30 jumping spiders
  10 culicivoras
  3 snapping turtles (Shoals:4)
  A spriggan (Lair:5)
  2 shadows
  10 water elementals
  A wraith (D:12)
  A ynoxinul (Lair:5)
  Grum (D:8)
  A fire elemental (D:13)
  20 yaks
  9 wyverns
  A basilisk (shapeshifter) (D:11)
  2 humans (D:13)
  8 basilisks
  A steam dragon (D:6)
  2 vampire mosquitoes (D:12)
  2 wargs (Orc:2)
  A death yak simulacrum (Lair:3)
  41 redbacks
  2 chaos spawn (Lair:5)
  Menkaure (D:7)
  12 water moccasins
  2 acid dragons
  A spectral hornet (Gauntlet)
  30 orc warriors
  A boulder beetle simulacrum (Lair:3)
  2 laughing skulls (D:15)
  3 sky beasts
  7 small abominations (Lair:5)
  14 ogres
  6 centaurs
  23 wolves
  2 kobold brigands
  9 bullfrogs
  2 gnoll sergeants
  2 scorpions
  38 killer bees
  2 howler monkeys
  11 electric eels
  3 lava snakes (D:13)
  2 komodo dragon simulacra (Lair:3)
  2 hounds
  36 orc priests
  A gnoll bouda (D:9)
  A sleepcap (D:5)
  3 iguanas
  26 orc wizards
  A boggart zombie (Gauntlet)
  A spriggan simulacrum (D:12)
  2 troll simulacra (D:12)
  A wolf simulacrum (D:12)
  15 gnolls
  6 adders
  A white imp (D:7)
  2 ufetubi (D:5)
  2 dart slugs
  3 ribbon worms
  75 orcs
  5 ball pythons
  5 bats
  2 giant cockroaches (D:2)
  16 goblins
  7 hobgoblins
  8 jackals
  2 quokkas
  3 frilled lizards
  16 kobolds
  7 rats
1065 creatures vanquished.

Vanquished Creatures (collateral kills)
  Gastronok (Lair:3)
  A minotaur (Gauntlet)
  A ragged hierophant (Desolation)
  A peacekeeper (Desolation)
  A deep troll (Vaults:1)
  A wolf spider (Spider:1)
  A manticore (D:12)
  A moth of wrath (Spider:4)
  3 elephants (Lair:2)
  2 molten gargoyles (D:13)
  A vault sentinel (Vaults:1)
  A gargoyle (D:8)
  A merfolk (Shoals:4)
  2 blink frogs (Lair:2)
  A fire elemental (D:13)
  A wyvern (D:8)
  A yak (D:8)
  A small abomination (Lair:5)
  3 two-headed ogre simulacra (D:12)
  A gnoll (Bailey)
  A naga simulacrum (D:12)
  An orc (Bailey)
  6 kobolds (Bailey)
  A goblin (Bailey)
35 creatures vanquished.

Vanquished Creatures (others)
  A ghost moth (Spider:4)
  A formless jellyfish (Shoals:4)
  An ironbound thunderhulk (Vaults:1)
  Nessos (D:14)
  A merfolk impaler (Shoals:4)
  A great orb of eyes (Vaults:1)
  A hydra (D:14)
  2 merfolk aquamancers (Shoals:4)
  A merfolk avatar (Shoals:4)
  A glowing orange brain (shapeshifter) (D:14)
  3 harpies (Shoals:4)
  A manticore (Shoals:4)
  A torpor snail (Spider:1)
  A yaktaur (Vaults:2)
  A tengu conjurer (D:13)
  A wind drake (Shoals:4)
  3 merfolk (Shoals:4)
  A polar bear (Lair:3)
  A saltling (Desolation)
  A dream sheep (Shoals:1)
  16 slime creatures
  2 water elementals
  A yak (Lair:2)
  A redback (Vaults:1)
  A black bear (Lair:2)
  An ogre (shapeshifter) (Lair:5)
  3 wolves
  A centaur (Lair:2)
  2 bullfrogs
  2 killer bees
  An electric eel (D:15)
  118 jellies
  9 orc priests (Orc:2)
  7 orc wizards
  An adder (D:5)
  2 ufetubi (D:5)
  3 endoplasms
  10 orcs
  A hobgoblin (D:1)
  A quokka (D:3)
  2 bats (D:1)
  A frilled lizard (D:1)
  A kobold (Bailey)
  2 rats
214 creatures vanquished.

Grand Total: 1314 creatures vanquished

Notes
Turn   | Place    | Note
-------+----------+-------------------------------------------
     0 | D:1      | Turgor the Demonspawn Gladiator began the quest for the
                  | Orb.
     0 | D:1      | Reached XP level 1. HP: 16/16 MP: 1/1
   184 | D:1      | Found a faded altar of an unknown god.
   193 | D:1      | Prayed at the altar of an unknown god.
   193 | D:1      | Became a worshipper of Jiyva Jouwnonk the Shapeless
   193 | D:1      | Reached * piety under Jiyva
   208 | D:1      | Gained mutation: You regenerate a little health from kills.
                  | [demonic ancestry]
   208 | D:1      | Reached XP level 2. HP: 22/22 MP: 2/2
   372 | D:1      | Reached skill level 1 in Unarmed Combat
   381 | D:1      | Reached skill level 1 in Shapeshifting
   381 | D:1      | Gained mutation: You have a pair of small antennae on your
                  | head. [demonic ancestry]
   381 | D:1      | Reached XP level 3. HP: 27/27 MP: 3/3
   611 | D:2      | Reached ** piety under Jiyva
   742 | D:2      | Gained mutation: You are partially covered in yellow
                  | scales. (AC +2) [demonic ancestry]
   742 | D:2      | Reached XP level 4. HP: 28/33 MP: 4/4
   855 | D:2      | Found an ancient bone altar of Kikubaaqudgha.
  1037 | D:2      | Reached *** piety under Jiyva
  1349 | D:3      | Reached **** piety under Jiyva
  1440 | D:3      | Gained mutation: Your natural rate of healing is unusually
                  | fast. [Jiyva's grace]
  1440 | D:3      | Gained mutation: You heal very quickly. [Jiyva's grace]
  1440 | D:3      | Gained mutation: You regenerate. [Jiyva's grace]
  1440 | D:3      | Gained mutation: You have a somewhat thin skeletal
                  | structure. (Dex +2, Stealth+) [Jiyva's grace]
  1684 | D:4      | Reached skill level 2 in Shapeshifting
  1787 | D:4      | Reached XP level 5. HP: 21/38 MP: 5/5
  1839 | D:4      | Noticed Grinder
  1856 | D:4      | Found a shadowy altar of Dithmenos.
  1874 | D:4      | Killed Grinder
  1875 | D:4      | Reached skill level 3 in Shapeshifting
  1875 | D:4      | Gained mutation: You are mostly covered in yellow scales.
                  | (AC +3) [demonic ancestry]
  1875 | D:4      | Reached XP level 6. HP: 44/44 MP: 6/6
  2016 | D:4      | Reached ***** piety under Jiyva
  2106 | D:5      | Entered Level 5 of the Dungeon
  2106 | D:5      | Noticed a water moccasin
  2124 | D:5      | Killed a water moccasin
  2149 | D:5      | Reached skill level 4 in Shapeshifting
  2157 | D:5      | Reached XP level 7. HP: 50/50 MP: 7/7
  2217 | D:5      | Found a snail-covered altar of Cheibriados.
  2350 | D:5      | Reached skill level 5 in Shapeshifting
  2965 | D:6      | Lost mutation: You have a somewhat thin skeletal structure.
                  | (Dex +2, Stealth+) [Jiyva's grace]
  2965 | D:6      | Gained mutation: Your body has grown eyes which may confuse
                  | attackers. (Acc +3) [Jiyva's grace]
  2965 | D:6      | Gained mutation: Your body has grown many eyes which may
                  | confuse attackers. (Acc +5) [Jiyva's grace]
  2965 | D:6      | Gained mutation: Your body is covered in eyes which may
                  | confuse attackers. (Acc +7, SInv) [Jiyva's grace]
  2965 | D:6      | Gained mutation: You are agile. (Dex +4, Str/Int -1)
                  | [Jiyva's grace]
  3178 | D:6      | Noticed a steam dragon
  3197 | D:6      | Killed a steam dragon
  3198 | D:6      | Reached skill level 6 in Shapeshifting
  3224 | D:6      | Reached XP level 8. HP: 56/56 MP: 8/8
  3470 | D:7      | Found a shimmering altar of Xom.
  3517 | D:7      | Noticed Jeremiah
  3537 | D:8      | Noticed Grum
  3553 | D:8      | Killed Grum
  3554 | D:8      | Reached skill level 7 in Shapeshifting
  3580 | D:8      | Found a flagged portal.
  3586 | Bailey   | Entered a bailey
  3590 | Bailey   | Reached ****** piety under Jiyva
  3683 | Bailey   | Reached skill level 8 in Shapeshifting
  3731 | Bailey   | Identified the +2 pair of boots of Darkness {rN+}
  3912 | D:8      | Noticed Psyche
  3924 | D:8      | Killed Psyche
  3925 | D:8      | Reached skill level 5 in Unarmed Combat
  3925 | D:8      | Gained mutation: You are completely covered in yellow
                  | scales. (AC +4, rCorr) [demonic ancestry]
  3925 | D:8      | Reached XP level 9. HP: 65/65 MP: 9/9
  3935 | D:8      | Found a staircase to the Lair.
  3983 | D:8      | Reached skill level 5 in Fighting
  4020 | D:8      | Reached skill level 9 in Shapeshifting
  4194 | D:8      | Noticed a gargoyle
  4203 | D:8      | Killed a gargoyle
  4204 | D:8      | Gained mutation: You have a pair of antennae on your head.
                  | [demonic ancestry]
  4204 | D:8      | Reached XP level 10. HP: 71/76 MP: 10/10
  5160 | D:9      | Noticed a rust devil
  5162 | D:9      | Noticed a soul eater
  5209 | D:9      | Lost mutation: Your body is covered in eyes which may
                  | confuse attackers. (Acc +7, SInv) [Jiyva's grace]
  5209 | D:9      | Gained mutation: You have a small jelly attached to you
                  | that senses nearby items. [Jiyva's grace]
  5209 | D:9      | Gained mutation: Your translucent skin slightly reduces
                  | your foes' accuracy. (Stealth+) [Jiyva's grace]
  5209 | D:9      | Gained mutation: Your translucent skin reduces your foes'
                  | accuracy. (Stealth+) [Jiyva's grace]
  5209 | D:9      | Gained mutation: Your transparent skin significantly
                  | reduces your foes' accuracy. (Stealth+) [Jiyva's grace]
  5406 | D:9      | Reached skill level 10 in Shapeshifting
  5582 | D:10     | Entered Level 10 of the Dungeon
  5652 | D:10     | Found a sacrificial altar of Ru.
  5759 | D:10     | Reached XP level 11. HP: 86/86 MP: 11/11
  6311 | D:11     | Noticed Maurice
  6314 | D:11     | Maurice stole a flux talisman
  6315 | D:11     | Killed Maurice
  6342 | D:11     | Found a burning altar of Makhleb.
  6354 | D:11     | Noticed Lodul
  6368 | D:11     | Killed Lodul
  6561 | D:11     | Lost mutation: Your transparent skin significantly reduces
                  | your foes' accuracy. (Stealth+) [Jiyva's grace]
  6561 | D:11     | Lost mutation: You have a small jelly attached to you that
                  | senses nearby items. [Jiyva's grace]
  6561 | D:11     | Gained mutation: Your body is covered in eyes which may
                  | confuse attackers. (Acc +7, SInv) [Jiyva's grace]
  6561 | D:11     | Gained mutation: A frigid envelope surrounds you and
                  | freezes all who hurt you. [Jiyva's grace]
  6561 | D:11     | Gained mutation: Armour fits poorly on your pseudopods.
                  | [Jiyva's grace]
  6561 | D:11     | Gained mutation: Armour fits poorly on your large
                  | pseudopods. [Jiyva's grace]
  6644 | D:11     | Noticed Erolcha
  6651 | D:11     | Killed Erolcha
  6706 | D:11     | Noticed Fannar
  6717 | D:11     | Killed Fannar
  6852 | D:11     | Learned a level 1 spell: Apportation
  6895 | D:12     | Reached skill level 11 in Shapeshifting
  6913 | D:12     | Found a staircase to the Orcish Mines.
  6916 | D:12     | Noticed a boulder beetle
  6926 | D:12     | Killed a boulder beetle
  6989 | D:12     | Found a frozen archway.
  7009 | D:12     | Gained mutation: You have a pair of large antennae on your
                  | head. (SInv) [demonic ancestry]
  7009 | D:12     | Reached XP level 12. HP: 49/97 MP: 12/12
  7009 | D:12     | Found a gate leading to a gauntlet.
  7025 | IceCv    | Entered an ice cave
  7082 | IceCv    | Reached skill level 10 in Fighting
  7142 | Gauntlet | Entered a Gauntlet
  7142 | Gauntlet | Found a transporter.
  7145 | Gauntlet | Found a transporter.
  7146 | Gauntlet | Found a transporter.
  7150 | Gauntlet | Found a transporter.
  7152 | Gauntlet | Found a transporter.
  7152 | Gauntlet | Found a transporter.
  7166 | Gauntlet | Found a transporter.
  7167 | Gauntlet | Found a transporter.
  7167 | Gauntlet | Noticed a green death
  7187 | Gauntlet | Found a transporter.
  7194 | Gauntlet | Found a transporter.
  7198 | Gauntlet | Found a transporter.
  7198 | Gauntlet | Noticed a quicksilver ooze
  7207 | Gauntlet | Found a transporter.
  7252 | Gauntlet | Got the Encyclopedia of the Hot Dead
  7267 | Gauntlet | Identified the ring "Ikhlocou" {rN+ AC+4}
  7274 | Gauntlet | Reached skill level 10 in Unarmed Combat
  7290 | Gauntlet | Killed a green death
  7304 | Gauntlet | Noticed a minotaur
  7312 | Gauntlet | Killed a minotaur
  7321 | Gauntlet | Got the Discursus on the Familiar Wind
  7329 | D:12     | Identified the +7 plate armour of Wibauwy {*Corrode rC-
                  | rN+++ Dex+6}
  7413 | D:13     | Noticed a vault guard
  7425 | D:13     | Noticed a vault guard
  7476 | D:13     | Found Neth's Assorted Antiques.
  7480 | D:13     | Bought a brightly glowing buckler for 256 gold pieces
  7480 | D:13     | Identified the +0 buckler of the Usurping Gods {Harm Int+2}
                  | (You bought it in a shop on level 13 of the Dungeon)
  7495 | D:13     | Lost mutation: A frigid envelope surrounds you and freezes
                  | all who hurt you. [Jiyva's grace]
  7495 | D:13     | Lost mutation: You regenerate. [Jiyva's grace]
  7495 | D:13     | Gained mutation: You passively map a small area around you.
                  | [Jiyva's grace]
  7495 | D:13     | Gained mutation: You passively map the area around you.
                  | [Jiyva's grace]
  7495 | D:13     | Gained mutation: You passively map a large area around you.
                  | [Jiyva's grace]
  7495 | D:13     | Gained mutation: Your rubbery body absorbs attacks. (AC +1,
                  | EV +1) [Jiyva's grace]
  7496 | D:13     | Found Deoxtop's Magic Scroll Shop.
  7497 | D:13     | Noticed Rupert
  7508 | D:13     | Killed Rupert
  7509 | D:13     | Reached skill level 12 in Shapeshifting
  7543 | D:13     | Reached skill level 5 in Dodging
  7556 | D:13     | Bought a scroll of enchant armour for 90 gold pieces
  7556 | D:13     | Bought a scroll of butterflies for 48 gold pieces
  7556 | D:13     | Bought a scroll of identify for 24 gold pieces
  7556 | D:13     | Bought a scroll of identify for 24 gold pieces
  7556 | D:13     | Bought a scroll of revelation for 90 gold pieces
  7556 | D:13     | Bought a scroll of immolation for 48 gold pieces
  7556 | D:13     | Bought a scroll of identify for 24 gold pieces
  7660 | D:13     | Noticed a centaur warrior
  7681 | D:13     | Killed a centaur warrior
  7783 | D:13     | Noticed Frances
  7783 | D:13     | Noticed a centaur warrior
  7791 | D:13     | Killed a centaur warrior
  7803 | D:13     | Killed Frances
  7904 | D:13     | Killed a vault guard
  7905 | D:13     | Gained mutation: A weak demonic guardian rushes to your
                  | aid. [demonic ancestry]
  7905 | D:13     | Reached XP level 13. HP: 90/105 MP: 13/13
  8011 | D:13     | Found a gate to the Vaults.
  8083 | D:13     | Found Bodghiq's General Store.
  8645 | D:7      | Killed Jeremiah
  8658 | D:7      | You fall into a shaft and drop 1 floor!
  8670 | D:7      | Found a staircase to the Ecumenical Temple.
  8693 | D:7      | Noticed Pikel
  8699 | D:7      | Killed Pikel
  8711 | D:7      | Noticed Menkaure
  8717 | D:7      | Killed Menkaure
  8974 | D:7      | Noticed Joseph
  8986 | D:7      | Killed Joseph
  8987 | D:7      | Reached skill level 13 in Shapeshifting
  9141 | D:7      | Found an opulent altar of Gozag.
  9142 | D:7      | Found a broken altar of Ashenzari.
  9363 | Lair:1   | Entered Level 1 of the Lair of Beasts
  9370 | Lair:1   | Identified the +3 leather armour "Taessumm" {rPois Str+5
                  | Dex-5}
  9557 | Lair:1   | Lost mutation: Your body is covered in eyes which may
                  | confuse attackers. (Acc +7, SInv) [Jiyva's grace]
  9557 | Lair:1   | Lost mutation: Armour fits poorly on your large pseudopods.
                  | [Jiyva's grace]
  9557 | Lair:1   | Lost mutation: Armour fits poorly on your pseudopods.
                  | [Jiyva's grace]
  9557 | Lair:1   | Lost mutation: Your translucent skin reduces your foes'
                  | accuracy. (Stealth+) [Jiyva's grace]
  9557 | Lair:1   | Gained mutation: You are covered in slimy tendrils that may
                  | disarm your opponents. [Jiyva's grace]
  9557 | Lair:1   | Gained mutation: Your flesh is cold resistant. (rC+)
                  | [Jiyva's grace]
  9557 | Lair:1   | Gained mutation: Your flesh is very cold resistant. (rC++)
                  | [Jiyva's grace]
  9557 | Lair:1   | Gained mutation: Your flesh is almost immune to the effects
                  | of cold. (rC+++) [Jiyva's grace]
  9598 | Lair:1   | Noticed Erica
  9608 | Lair:1   | Killed Erica
 10296 | Lair:2   | Found a hole to the Spider Nest.
 10641 | Lair:2   | Lost mutation: Your flesh is almost immune to the effects
                  | of cold. (rC+++) [Jiyva's grace]
 10641 | Lair:2   | Lost mutation: You passively map a large area around you.
                  | [Jiyva's grace]
 10641 | Lair:2   | Lost mutation: Your translucent skin slightly reduces your
                  | foes' accuracy. (Stealth+) [Jiyva's grace]
 10641 | Lair:2   | Gained mutation: You have a small jelly attached to you
                  | that senses nearby items. [Jiyva's grace]
 10641 | Lair:2   | Gained mutation: Your translucent skin slightly reduces
                  | your foes' accuracy. (Stealth+) [Jiyva's grace]
 10641 | Lair:2   | Gained mutation: Your translucent skin reduces your foes'
                  | accuracy. (Stealth+) [Jiyva's grace]
 10641 | Lair:2   | Gained mutation: Your transparent skin significantly
                  | reduces your foes' accuracy. (Stealth+) [Jiyva's grace]
 11208 | Lair:3   | Found a staircase to the Shoals.
 11219 | Lair:3   | Reached XP level 14. HP: 108/114 MP: 14/14
 11430 | Lair:3   | Noticed Gastronok
 11444 | Lair:3   | Killed Gastronok
 11561 | Lair:3   | Found a runed translucent gate.
 11561 | Lair:3   | Found a runed translucent gate.
 11561 | Lair:3   | Found a runed translucent gate.
 11561 | Lair:3   | Noticed Nebesus's ghost (journeyman MiBe)
 11572 | Lair:3   | Killed Nebesus's ghost
 11590 | Lair:3   | Reached skill level 14 in Shapeshifting
 11607 | Lair:3   | Identified the +3 morningstar "Demeefyg" {spect, rCorr
                  | Stlth+}
 11982 | Lair:4   | Found a staircase to the Slime Pits.
 12034 | Lair:5   | Entered Level 5 of the Lair of Beasts
 12042 | Lair:5   | Lost mutation: Your flesh is very cold resistant. (rC++)
                  | [Jiyva's grace]
 12042 | Lair:5   | Lost mutation: You passively map the area around you.
                  | [Jiyva's grace]
 12042 | Lair:5   | Lost mutation: You heal very quickly. [Jiyva's grace]
 12042 | Lair:5   | Lost mutation: Your rubbery body absorbs attacks. (AC +1,
                  | EV +1) [Jiyva's grace]
 12042 | Lair:5   | Gained mutation: Your melee attacks may engulf your foes in
                  | ooze. [Jiyva's grace]
 12042 | Lair:5   | Gained mutation: You are robust. (+10% HP) [Jiyva's grace]
 12042 | Lair:5   | Gained mutation: You are very robust. (+20% HP) [Jiyva's
                  | grace]
 12042 | Lair:5   | Gained mutation: You are extremely robust. (+30% HP)
                  | [Jiyva's grace]
 12388 | Lair:5   | Got an earthy gem with 810 turns to spare
 12509 | Lair:5   | Found a corrupted altar of Lugonu.
 12509 | Lair:5   | Found a one-way gate to the infinite horrors of the Abyss.
 12526 | Lair:5   | Got the Precepts of Hermetica and the Shot
 13295 | Spider:1 | Entered Level 1 of the Spider Nest
 13321 | Spider:1 | Noticed an emperor scorpion
 13505 | Orc:1    | Entered Level 1 of the Orcish Mines
 13783 | Orc:2    | Entered Level 2 of the Orcish Mines
 13790 | Orc:2    | Gained mutation: Your hexes are more powerful. [demonic
                  | ancestry]
 13790 | Orc:2    | Reached XP level 15. HP: 152/158 MP: 15/15
 13871 | Orc:2    | Reached skill level 15 in Shapeshifting
 13995 | Orc:2    | Lost mutation: Your natural rate of healing is unusually
                  | fast. [Jiyva's grace]
 13995 | Orc:2    | Lost mutation: Your body has grown many eyes which may
                  | confuse attackers. (Acc +5) [Jiyva's grace]
 13995 | Orc:2    | Lost mutation: Your transparent skin significantly reduces
                  | your foes' accuracy. (Stealth+) [Jiyva's grace]
 13995 | Orc:2    | Lost mutation: You have a small jelly attached to you that
                  | senses nearby items. [Jiyva's grace]
 13995 | Orc:2    | Gained mutation: Your spells are a little harder to cast,
                  | but a little more powerful. [Jiyva's grace]
 13995 | Orc:2    | Gained mutation: Your spells are harder to cast, but more
                  | powerful. [Jiyva's grace]
 13995 | Orc:2    | Gained mutation: Your spells are much harder to cast, but
                  | much more powerful. [Jiyva's grace]
 13995 | Orc:2    | Gained mutation: You have a small jelly attached to you
                  | that senses nearby items. [Jiyva's grace]
 14211 | Orc:2    | Found a staircase to the Elven Halls.
 14334 | Orc:2    | Found Worof's Assorted Antiques.
 14334 | Orc:2    | Found Epaca Qur's Book Emporium.
 14338 | Orc:2    | Found Reiwoni's Assorted Antiques.
 14338 | Orc:2    | Found Xeiluceu's Jewellery Shoppe.
 14348 | Orc:2    | Bought a scroll labelled WITHAB GOTOWKA for 31 gold pieces
 14348 | Orc:2    | Bought a scroll labelled ANIV TUSAHUG for 31 gold pieces
 14348 | Orc:2    | Bought a scroll of identify for 62 gold pieces
 14769 | Orc:2    | Bought the ring of the Twisting Augurer {rElec rC+ Str+4
                  | SInv} for 825 gold pieces
 14997 | Slime:1  | Entered Level 1 of the Pits of Slime
 15006 | Slime:2  | Noticed an azure jelly
 15012 | Slime:3  | Noticed an acid blob
 15024 | Slime:5  | Entered Level 5 of the Pits of Slime
 15057 | Slime:5  | Noticed an azure jelly
 15104 | Slime:5  | Noticed a rockslime
 15112 | Slime:5  | Got a starry gem with 487 turns to spare
 15114 | Slime:5  | Got a slimy rune of Zot
 15117 | Slime:5  | Identified the +1 dire flail of the Doomed Warrior {holy,
                  | Dex+3}
 15156 | Slime:5  | Noticed an acid blob
 15164 | Slime:5  | Identified the +8 sling "Zyoperuxt" {flame, Int+2 Dex+4}
 15167 | Slime:5  | Noticed an azure jelly
 15196 | Slime:5  | Noticed an acid blob
 15204 | Slime:5  | Noticed an acid blob
 15215 | Slime:5  | Identified the +3 pair of gloves of Zauf {rElec Regen+}
 15221 | Slime:5  | Identified the +3 short sword of Xaneylebb {flame, Will+
                  | rCorr Str-2}
 15232 | Slime:5  | Noticed the Royal Jelly
 15260 | Slime:5  | Noticed an azure jelly
 15266 | Slime:5  | Noticed an acid blob
 15270 | Slime:5  | Noticed an acid blob
 15305 | Slime:5  | Found a viscous altar of Jiyva.
 15339 | Slime:5  | Noticed an acid blob
 15634 | Lair:2   | Killed an emperor scorpion
 15884 | D:14     | Reached skill level 1 in Armour
 16155 | D:14     | Killed Nessos
 16228 | D:14     | Found Xefej's Magic Scroll Shop.
 16231 | D:14     | Bought a scroll of blinking for 142 gold pieces
 16231 | D:14     | Bought a scroll of identify for 38 gold pieces
 16231 | D:14     | Bought a scroll of identify for 38 gold pieces
 16273 | D:14     | Noticed Jorgrun
 16286 | D:14     | Killed Jorgrun
 16319 | D:14     | Noticed a storm dragon
 16320 | D:14     | Found the +9 sword of Power {lifebolt}
 16321 | D:14     | Noticed a fire giant
 16321 | D:14     | Noticed a fire giant
 16332 | D:14     | Killed a storm dragon
 16797 | D:14     | Found a portal to a secret trove of treasure.
 16826 | D:15     | Entered Level 15 of the Dungeon
 16864 | D:15     | Found Romege's Antique Weapon Shoppe.
 17154 | D:15     | Found a staircase to the Depths.
 17177 | D:15     | Reached skill level 16 in Shapeshifting
 17246 | D:15     | Lost mutation: You are agile. (Dex +4, Str/Int -1) [Jiyva's
                  | grace]
 17246 | D:15     | Lost mutation: Your flesh is cold resistant. (rC+) [Jiyva's
                  | grace]
 17246 | D:15     | Lost mutation: You are extremely robust. (+30% HP) [Jiyva's
                  | grace]
 17246 | D:15     | Lost mutation: Your translucent skin reduces your foes'
                  | accuracy. (Stealth+) [Jiyva's grace]
 17246 | D:15     | Gained mutation: You are extremely robust. (+30% HP)
                  | [Jiyva's grace]
 17246 | D:15     | Lost mutation: Your translucent skin slightly reduces your
                  | foes' accuracy. (Stealth+) [Jiyva's grace]
 17246 | D:15     | Gained mutation: Your skin changes colour to match your
                  | surroundings (Stealth+). [Jiyva's grace]
 17246 | D:15     | Gained mutation: Your skin blends seamlessly with your
                  | surroundings (Stealth++). [Jiyva's grace]
 17246 | D:15     | Gained mutation: Your skin perfectly mimics your
                  | surroundings (Stealth+++). [Jiyva's grace]
 17436 | D:14     | Killed a fire giant
 17446 | D:14     | Killed a fire giant
 17456 | D:14     | Reached XP level 16. HP: 137/167 MP: 16/16
 17558 | Elf:1    | Entered Level 1 of the Elven Halls
 17590 | Orc:2    | Bought a condenser vane for 840 gold pieces
 17812 | Spider:1 | Noticed Roxanne
 17885 | Spider:1 | Reached skill level 1 in Evocations
 18372 | Spider:1 | Identified the +1 ring mail of Sloth {*Slow Fly Stlth+}
 18502 | Spider:1 | Killed Roxanne
 18649 | Spider:2 | Reached skill level 1 in Shields
 18952 | Spider:2 | Reached skill level 5 in Armour
 19134 | Spider:2 | Noticed Arachne
 19150 | Spider:2 | Killed Arachne
 20235 | Spider:4 | Entered Level 4 of the Spider Nest
 20243 | Spider:4 | Lost mutation: You passively map a small area around you.
                  | [Jiyva's grace]
 20243 | Spider:4 | Lost mutation: You are extremely robust. (+30% HP) [Jiyva's
                  | grace]
 20243 | Spider:4 | Lost mutation: Your spells are much harder to cast, but
                  | much more powerful. [Jiyva's grace]
 20243 | Spider:4 | Gained mutation: Armour fits poorly on your pseudopods.
                  | [Jiyva's grace]
 20243 | Spider:4 | Gained mutation: Armour fits poorly on your large
                  | pseudopods. [Jiyva's grace]
 20243 | Spider:4 | Gained mutation: Armour fits poorly on your massive
                  | pseudopods. [Jiyva's grace]
 20243 | Spider:4 | Gained mutation: You are strong-willed. (Will+) [Jiyva's
                  | grace]
 20352 | Spider:4 | Reached skill level 5 in Shields
 20409 | Spider:4 | Reached skill level 5 in Evocations
 20659 | Spider:4 | Reached XP level 17. HP: 166/166 MP: 17/17
 20748 | Spider:4 | Reached skill level 17 in Shapeshifting
 20866 | Spider:4 | Got a gossamer rune of Zot
 20878 | Spider:4 | Identified the -1 pair of boots of Ziofigul {rPois rN+}
 21064 | Shoals:1 | Entered Level 1 of the Shoals
 21112 | Shoals:1 | Identified the +6 long sword "Empyog" {freeze, rPois}
 21823 | Shoals:2 | Found Jobot's Assorted Antiques.
 22151 | Shoals:2 | Lost mutation: You are covered in slimy tendrils that may
                  | disarm your opponents. [Jiyva's grace]
 22151 | Shoals:2 | Lost mutation: You have a small jelly attached to you that
                  | senses nearby items. [Jiyva's grace]
 22151 | Shoals:2 | Gained mutation: You are extremely robust. (+30% HP)
                  | [Jiyva's grace]
 22151 | Shoals:2 | Gained mutation: Your spells are much harder to cast, but
                  | much more powerful. [Jiyva's grace]
 22151 | Shoals:2 | Gained mutation: You are highly strong-willed. (Will++)
                  | [Jiyva's grace]
 22151 | Shoals:2 | Gained mutation: You are extremely strong-willed. (Will+++)
                  | [Jiyva's grace]
 22326 | Shoals:3 | Found Loquyn's Assorted Antiques.
 22331 | Shoals:3 | Found Ikke Nuu's Assorted Antiques.
 22334 | Shoals:3 | Bought a scroll labelled FOAMIJ TIPOETT for 31 gold pieces
 22334 | Shoals:3 | Bought a scroll of identify for 62 gold pieces
 22334 | Shoals:3 | Bought a green potion for 27 gold pieces
 22414 | Shoals:3 | Found Juffif's Antique Armour Boutique.
 22426 | Shoals:3 | Found Mitu's Antique Armour Emporium.
 22432 | Shoals:3 | Identified the +6 scale mail "Ficry" {rC+ rCorr SInv}
 22442 | Shoals:3 | Bought a brightly glowing cloak for 218 gold pieces
 22442 | Shoals:3 | Identified the +0 cloak of the Ladybird {*Corrode +Inv
                  | rPois rN+} (You bought it in a shop on level 3 of the
                  | Shoals)
 22467 | Shoals:3 | Identified the serpent talisman "Isiwipez" {Will- Dex+4
                  | Slay+5}
 22467 | Shoals:3 | Noticed Aizul
 22490 | Shoals:3 | Killed Aizul
 22504 | Shoals:3 | Found Eloejyzi's Book Shoppe.
 22691 | Shoals:4 | Entered Level 4 of the Shoals
 22710 | Shoals:4 | Identified the +1 chain mail "Leufaxze" {Int+2}
 22842 | Shoals:4 | Noticed Ilsuiw
 22852 | Shoals:4 | Killed Ilsuiw
 22853 | Shoals:4 | Reached skill level 10 in Evocations
 23256 | Shoals:4 | Identified the +11 hand axe "Soesada" {freeze, rF+ rN+
                  | Str+2}
 23361 | Shoals:4 | Got Fostutegg's Notes on Ensorcelling and the Squall
 23428 | Shoals:4 | Identified the ring "Ithihy" {Str+2 SInv}
 23530 | Shoals:4 | Got a barnacled rune of Zot
 23833 | Vaults:1 | Entered Level 1 of the Vaults
 23836 | Vaults:1 | You fall into a shaft and drop 1 floor!
 23836 | Vaults:2 | Lost mutation: Your skin perfectly mimics your surroundings
                  | (Stealth+++). [Jiyva's grace]
 23836 | Vaults:2 | Lost mutation: You are extremely strong-willed. (Will+++)
                  | [Jiyva's grace]
 23836 | Vaults:2 | Lost mutation: You are highly strong-willed. (Will++)
                  | [Jiyva's grace]
 23836 | Vaults:2 | Gained mutation: You have a somewhat thin skeletal
                  | structure. (Dex +2, Stealth+) [Jiyva's grace]
 23836 | Vaults:2 | Gained mutation: You have a moderately thin skeletal
                  | structure. (Dex +4, Stealth++) [Jiyva's grace]
 23836 | Vaults:2 | Gained mutation: You have an unnaturally thin skeletal
                  | structure. (Dex +6, Stealth+++) [Jiyva's grace]
 23836 | Vaults:2 | Gained mutation: Your body has grown many eyes which may
                  | confuse attackers. (Acc +5) [Jiyva's grace]
 23879 | Vaults:2 | Identified a scroll of acquirement
 23894 | Vaults:2 | Gained mutation: A demonic guardian rushes to your aid.
                  | [demonic ancestry]
 23894 | Vaults:2 | Reached XP level 18. HP: 159/191 MP: 18/18
 23901 | Vaults:2 | Found Xidyhed's Antique Weapon Shoppe.
 23913 | Vaults:2 | Acquired the +12 demon trident of Loung {flame, Int+5}
 23933 | Vaults:2 | Found a crumbling gateway.
 23937 | Desolati | Entered the Desolation of Salt
 24167 | Desolati | Found the +11 plutonium sword {^Contam Stlth-}
 24172 | Desolati | Identified the +9 scimitar "Heeptuf" {elec, rF+ Str+2}
 24180 | Desolati | Identified the +1 lajatang of Hubris {spect, rF- Will+
                  | Int+2 SInv Stlth+}
 24276 | Desolati | Reached skill level 10 in Dodging
 24319 | Desolati | Got the Almanac of the Electric Coals
 24322 | Desolati | Identified the ring "Loutude" {AC+4 Stlth+}
 24325 | Desolati | Got the Tractate on Pyromancy and the Gift
 24385 | Desolati | Reached skill level 18 in Shapeshifting
 24617 | Desolati | Got Tuceq's Grimoire of the Storm and the Rocks
 24621 | Desolati | Got the Dissertation on the Green Mesa
 24633 | Desolati | Got the Compendium of Wicked Arts and Position
 24948 | Vaults:1 | Reached skill level 15 in Fighting
 25036 | Vaults:1 | Reached skill level 15 in Unarmed Combat
 25069 | Vaults:1 | Noticed Donald
 25149 | Vaults:1 | Killed Donald
 25329 | Vaults:1 | Noticed Zenata
 25340 | Vaults:1 | Slain by a +4 glaive of venom

Illustrated notes

Levels and vault maps discovered:
D:1:      nzn_arrival_settlement, layout_basic,
          hellmonk_ecumenical_altar_pennies_from_heaven, st_stairs_7,
          minmay_small_reverse_x
D:2:      layout_loops_ring, basic_altar, corexii_leaking_fountain
D:3:      layout_basic
D:4:      layout_rooms, gammafunk_temple_overflow_elements, uniq_grinder
D:5:      layout_loops_ring, overflow_temple_1_default
D:6:      layout_gridville, kennysheep_generic_room_16
D:7:      layout_loops_corners, gammafunk_temple_overflow_forgotten,
          mainiacjoe_overflow_24_doors, minmay_temple_entry_offerings,
          uniq_joseph, uniq_menkaure, uniq_pikel, uniq_jeremiah
D:8:      wad_crossroads, layout_basic, minmay_lair_entry_grove, enter_bailey_3,
          roderic_lattice_a, uniq_psyche, uniq_grum
D:9:      layout_rooms, special_room [special_room_bee]
D:10:     layout_gridville, nicolae_ru_great_annihilating_truth, serial_bayou,
          serial_bayou_lake_a, serial_bayou_shore_a, serial_bayou_pond_d,
          serial_bayou_shore_b
D:11:     layout_roguey, bloody_makhleb, uniq_maurice, uniq_lodul, uniq_erolcha,
          uniq_fannar
D:12:     layout_big_octagon, david_orc_3, portal_ice_cave_entry_ice_simulacra,
          gauntlet_entry_generic
D:13:     layout_basic, grunt_vaults_entry_fortified, serial_shops, shop,
          nicolae_shop_tiny_waterfront, shop, uniq_rupert, uniq_frances
D:14:     minmay_guarded_unrand_sword_of_power, layout_basic, serial_shops,
          kennysheep_mini_moat, nicolae_trove_entry_diagonal, uniq_nessos,
          uniq_jorgrun
D:15:     hangedman_depths_entry_civil_slaughter, layout_basic, serial_shops,
          shop, nrook_uturn
Lair:1:   layout_cave_pods, uniq_erica
Lair:2:   layout_chaotic_city, nicolae_spider_entry_tight_spaces,
          forest_entry_grove, serial_bayou_shore_b, grunt_megastairs_3
Lair:3:   layout_roguey, minmay_shoals_entry_centaurs,
          gammafunk_ghost_necromancy, grunt_megastairs_4, serial_bayou_shore_b,
          lemuel_fruit_fields, infiniplex_staircase_pool, uniq_gastronok
Lair:4:   layout_loops_ring, slime_entry_2
Lair:5:   hellmonk_lair_end_abyssal_woods, layout_loops_ring, minivault_26
Shoals:1: layout_shoals
Shoals:2: layout_shoals, serial_shops, shop
Shoals:3: layout_shoals, serial_shops, nicolae_shop_pleasant_corner_grove, shop,
          shop_fountains, shop, shop, uniq_aizul
Shoals:4: shoals_end_hangedman, layout_shoals, shoals_ilsuiw_ice
Spider:1: layout_spider_delve, drop_trap, uniq_roxanne
Spider:2: layout_spider_delve, uniq_arachne
Spider:3: layout_cave_pods, guppyfry_hornet_nest
Spider:4: hellmonk_spider_rune_bug_friends, drop_trap,
          nicolae_spider_moth_buddies
Slime:1:  layout_caves
Slime:2:  layout_caves, nicolae_slime_getting_an_eyeful
Slime:3:  layout_caves
Slime:4:  cheibrodos_slime_lost_civilization_9, layout_caves,
          nicolae_slime_crime_time
Slime:5:  slime_pit_nicolae_inversion
Orc:1:    layout_caves, elves_outpost_lemuel
Orc:2:    st_orc_mages, layout_caves
Elf:1:    elf_arrival_001, layout_gridlike, serial_shops, shop, basic_altar,
          nicolae_elf_blasts_and_bolts, lemuel_upstairs_altar,
          minmay_shop_grove, grunt_megastairs_2, uniq_louise
Vaults:1: grunt_vaults_hallway_long, nicolae_vaults_trapezoid_3,
          nicolae_vaults_storage_room_glass, nicolae_vaults_diagonal_hallway_7,
          v_misc_10, vaults_mumra_bighexcomb, ontoclasm_vaults_decontamination,
          v_misc_9, nicolae_vaults_little_squares_3,
          nicolae_vaults_network_star, v_misc_27, hangedman_vaults_hat,
          nicolae_vaults_wine_cellar, ontoclasm_vaults_ring_small,
          nicolae_vaults_trapezoid_lopsided_1, layout_vaults_ring, serial_shops,
          nicolae_shop_temple_entry_statues_fountains, uniq_zenata, uniq_donald
Vaults:2: portal_desolation_entry_nicolae_forbidding_blocks,
          nicolae_vaults_prndl, nicolae_vaults_hexular_roomagon,
          nicolae_vaults_network_s, nicolae_vaults_meeting,
          hangedman_vaults_cutoff, nicolae_vaults_twisting_passages,
          nicolae_vaults_weapon_check, v_alt_pattern_3,
          layout_vaults_maze_bifur, serial_shops,
          nicolae_shop_overgrown_old_shop

Skill      XL: |  1  2  3  4  5  6  7  8  9 10 11 12 13 14 15 16 17 18 |
---------------+-------------------------------------------------------+-----
Polearms       | 3 |  3.0
Unarmed Combat | 1 2 3 4 5 6 8 9 10 11 12 13 14 15 | 15.1
Shapeshifting  | 1 2 3 4 6 8 9 10 11 12 13 14 16 17 18 | 18.3
Fighting       | 3 6 8 9 10 11 12 13 14 15 | 15.3
Dodging        | 3 5 7 8 9 10 | 10.8
Armour         | 3 5 |  5.0
Evocations     | 5 10 | 10.0
Shields        | 5 |  5.0
Throwing       | |  1.7

Action                     |  1- 3 |  4- 6 |  7- 9 | 10-12 | 13-15 | 16-18 || total
---------------------------+-------+-------+-------+-------+-------+-------++-------
  Melee: Trident           |   100 |   199 |    84 |       |       |       ||   383
         Punch             |       |     3 |     3 |    23 |   110 |    17 ||   156
         Unarmed           |       |       |   195 |   565 |  1033 |  1188 ||  2981
         Pseudopods        |       |       |       |    41 |    22 |   216 ||   279
  Throw: Throwing net      |       |     2 |       |       |       |       ||     2
         Javelin           |       |     1 |       |       |       |       ||     1
         Boomerang         |       |       |       |       |       |    20 ||    20
 Invoke: Oozemancy         |       |       |       |     1 |     1 |     2 ||     4
  Evoke: Wand              |       |       |     2 |     4 |       |     9 ||    15
         Lightning rod     |       |       |       |     5 |       |     7 ||    12
         Condenser vane    |       |       |       |       |       |     4 ||     4
         Phantom mirror    |       |       |       |       |       |     2 ||     2
    Use: Potion            |       |     2 |       |       |     4 |     7 ||    13
         Scroll            |       |       |       |    12 |    11 |    14 ||    37
   Stab: Sleeping          |     2 |     6 |     2 |     6 |     9 |    23 ||    48
         Confused          |       |       |    15 |    22 |    33 |    23 ||    93
         Paralysed         |       |       |       |     2 |       |       ||     2
         Invisible         |       |       |       |     1 |       |       ||     1
         Distracted        |       |       |       |       |     4 |       ||     4
 Armour: Leather armour    |    27 |    98 |    53 |   230 |    33 |       ||   441
         Robe              |    14 |    10 |       |       |   717 |    80 ||   821
         Skin              |       |       |    84 |   191 |       |  1550 ||  1825
         Troll leather arm |       |       |       |       |       |    57 ||    57
  Dodge: Dodged            |    54 |   124 |   211 |   642 |  1038 |  1471 ||  3540
  Block: Buckler           |       |       |       |       |       |   437 ||   437
         Kite shield       |       |       |       |       |       |    23 ||    23
   Form: Flux              |       |       |     1 |       |       |       ||     1
         Blade             |       |       |       |     2 |       |       ||     2
                           |       |       |       |     1 |       |       ||     1
         Statue            |       |       |       |       |       |     1 ||     1
